 Dungeon Crawl Stone Soup version 0.29.0-4-gdea44cf6ec (webtiles) character file.

Game seed: 3500849171864307914

347 qw the Trooper (level 6, -4/46 (53) HPs)
             Began as a Barachi Chaos Knight on Sept 5, 2022.
             Slain by a sixfirhy (10 damage)
             ... summoned by Xom
             ... on level 3 of the Dungeon.
             The game lasted 00:01:35 (3955 turns).

qw the Trooper (Barachi Chaos Knight)               Turns: 3955, Time: 00:01:35

HP:   -4/46 (53)    AC:  6    Str: 10 (13) XL:     6   Next: 59%
MP:   6/6           EV: 10    Int: 12      God:
Gold: 64            SH:  0    Dex: 12      Spells: 5/5 levels left

rFire   . . .      SeeInvis .   Y - +0 hand axe (chaos)
rCold   . . .      Faith    .   (no shield)
rNeg    . . .      Spirit   .   i - +0 ring mail
rPois   .          Reflect  .   (no helmet)
rElec   .          Harm     .   m - +0 cloak
rCorr   .          Rampage  .   (no gloves)
Will    .....                   (no boots)
Stlth   +.........              j - amulet of the acrobat
HPRegen 0.15/turn               (no ring)
MPRegen 0.10/turn               (no ring)

@: spiked, heavily drained, unable to drink, slow
A: amphibious, slowness 1, strong legs 1, +LOS, weak 1, inability to drink after
injury 1
a: Hop


You were on level 3 of the Dungeon.
You visited 1 branch of the dungeon, and saw 3 of its levels.

You collected 154 gold pieces.
You spent 90 gold pieces at shops.


Innate Abilities, Weirdness & Mutations

You are amphibious.
You cover ground slowly.
You can hop short distances.
You have an extended range of vision and can be seen from far away.
You are weak. (Str -2)
You occasionally lose the ability to drink potions when taking damage.


   Skills:
 - Level 6.4 Fighting
 + Level 6.2 Axes
 - Level 2.4 Armour
 - Level 1.1 Dodging


You had 5 spell levels left.
You didn't know any spells.
Your spell library was empty.

Inventory:

Hand Weapons
 e - a +0 flail
 Y - a +0 hand axe of chaos (weapon)
Armour
 h - a +0 helmet
 i - a +0 ring mail (worn)
 m - a +0 cloak (worn)
Jewellery
 j - an amulet of the acrobat (around neck)
Scrolls
 a - 2 scrolls of identify
 f - a scroll of teleportation
 g - a scroll of magic mapping {unknown}
Potions
 b - 4 potions of curing
 d - a potion of resistance
 k - a potion of heal wounds {unknown}
 l - a potion of lignification {unknown}
Miscellaneous
 c - a piece from Xom's chessboard (15/15)

Dungeon Overview and Level Annotations

Branches:
Dungeon (3/15)

Altars:

Shops:
D:2 !


Message History

The adder is severely wounded.
You feel sick.
You are no longer poisoned.
The adder bites you but does no damage.
You hit the adder but do no damage.
The adder is severely wounded.
The adder bites you but does no damage.
You hit the adder.
You kill the adder!
You start resting.
Xom's malign attention turns to you for a moment.
You feel weakened. The divine experience confuses you!
You are confused.
HP restored.
You start waiting.
You feel less confused.
Done waiting.
k - a white potion
Enter note:
Found a dagger.
Enter note: "Let's see if it's strong enough to survive yet."
An ufetubus comes into view.
You hit the sixfirhy but do no damage.
The sixfirhy is poisoned.
You hit the shadow imp. You hit the ufetubus.
The ufetubus convulses.
You hit the ufetubus. You burn the ufetubus.
The ufetubus is heavily wounded.
You hit the sixfirhy but do no damage. You closely miss the shadow imp.
The ufetubus barely misses you. The ufetubus closely misses you.
The shadow imp hits you but does no damage.
The red devil hits you from afar with a +0 trident!!
Barbed spikes become lodged in your body.
You hit the ufetubus.
You kill the ufetubus!
The ufetubus disappears in a puff of smoke!
You hit the sixfirhy.
The sixfirhy looks as sick as possible!
You hit the shadow imp but do no damage.
The sixfirhy hits you. The sixfirhy shocks you! The sixfirhy hits you!
You feel threatened and lose the ability to drink potions!
The sixfirhy shocks you!
You die...

###### ..# ..... ..#
#.#.###.# #.....#.#
#. #...#.#.# ## #.#
#.....#)# .##
#.#.#.....#5# ..##
#.#.#.....#3# ...#
#.#.~7~...#@# #7.7
#.#77~7~#4ยค5#
##.###.7~~~~~7####
#...##~7~~~~~7###
#...##7~~~~~~~~..
#...#7~~P~~7~~77####
#...~~~~~~~~~~~7##.#
#...7~~~P~~~~~~77..#
##+#~P~~~~~~7~777#.#


You could see a sixfirhy (summoned, extremely poisoned), a red devil (summoned),
a shadow imp (summoned) and an ufetubus (summoned).

Vanquished Creatures
  A tarantella (shapeshifter) (D:3)
  Robin (D:3)
  5 adders
  2 dart slugs
  4 orcs (D:3)
  8 ball pythons
  8 bats
  5 endoplasms
  2 giant cockroaches (D:1)
  5 hobgoblins
  3 jackals (D:3)
  4 quokkas
  3 frilled lizards
  18 goblins
  6 kobolds
  11 rats
86 creatures vanquished.

Vanquished Creatures (collateral kills)
  An orc (D:3)
1 creature vanquished.

Vanquished Creatures (others)
  A goblin zombie (D:3)
  A quokka zombie (D:1)
  21 plants (D:3)
23 creatures vanquished.

Grand Total: 110 creatures vanquished

Notes
Turn   | Place    | Note
-------+----------+-------------------------------------------
     0 | D:1      | qw the Barachi Chaos Knight began the quest for the Orb.
     0 | D:1      | Reached XP level 1. HP: 18/18 MP: 1/1
     0 | D:1      | 0 ||| qw: Version: 0.1-a-104-g96f76f8
     0 | D:1      | 0 ||| qw: Game counter: 5967
     0 | D:1      | 0 ||| qw: Always use a shield: true
     0 | D:1      | 0 ||| qw: God list: Okawaru
     0 | D:1      | 0 ||| qw: Allow faded altars: false
     0 | D:1      | 0 ||| qw: Do Orc after D:15 true
     0 | D:1      | 0 ||| qw: Do second Lair branch before Depths: true
     0 | D:1      | 0 ||| qw: Lair rune preference: random
     0 | D:1      | 0 ||| qw: Plans: Normal
     0 | D:1      | 0 ||| PLANNING D:1-11
     0 | D:1      | Fell from the grace of Xom
   461 | D:1      | Reached XP level 2. HP: 24/24 MP: 2/2
   492 | D:1      | 492 ||| Stepping ~*~*~tactically~*~*~ (hiding).
   828 | D:1      | XOM: draining
   838 | D:1      | XOM: summons 2 hostile shadow creatures
  1083 | D:1      | Reached XP level 3. HP: 16/25 MP: 3/3
  1759 | D:1      | 1759 ||| UPGRADING to +0 ring mail.
  1769 | D:1      | 1769 ||| DROPPING +2 leather armour.
  1770 | D:1      | 1770 ||| UPGRADING to +0 cloak.
  1775 | D:1      | 1775 ||| UPGRADING to amulet of the acrobat.
  1780 | D:1      | 1780 ||| READING scroll labelled JEAMUA ACIRRAU.
  1781 | D:1      | 1781 ||| READING 2 scrolls labelled GOHAILLIANNA.
  1786 | D:1      | 1786 ||| READING scroll labelled SONIM QID NYSARR.
  1787 | D:1      | 1787 ||| READING scroll labelled DEEXTO USHREOCK.
  1893 | D:2      | 1893 ||| Stepping ~*~*~tactically~*~*~ (stealth).
  1894 | D:2      | 1894 ||| Stepping ~*~*~tactically~*~*~ (stealth).
  1895 | D:2      | 1895 ||| Stepping ~*~*~tactically~*~*~ (stealth).
  1898 | D:2      | 1898 ||| Stepping ~*~*~tactically~*~*~ (stealth).
  2049 | D:2      | XOM: give mutations
  2049 | D:2      | Gained mutation: You occasionally lose the ability to drink
                  | potions when taking damage. [Xom's mischief]
  2049 | D:2      | Gained mutation: You are weak. (Str -2) [Xom's mischief]
  2049 | D:2      | Gained mutation: You are clumsy. (Dex -2) [Xom's mischief]
  2134 | D:2      | 2134 ||| Stepping ~*~*~tactically~*~*~ (stealth).
  2136 | D:2      | 2136 ||| Stepping ~*~*~tactically~*~*~ (stealth).
  2198 | D:2      | XOM: scenery: 1 doors close
  2263 | D:2      | Reached XP level 4. HP: 28/36 MP: 4/4
  2344 | D:2      | 2344 ||| Stepping ~*~*~tactically~*~*~ (hiding).
  2348 | D:2      | 2348 ||| Stepping ~*~*~tactically~*~*~ (hiding).
  2358 | D:2      | 2358 ||| Stepping ~*~*~tactically~*~*~ (stealth).
  2363 | D:2      | 2363 ||| Stepping ~*~*~tactically~*~*~ (stealth).
  2364 | D:2      | 2364 ||| Stepping ~*~*~tactically~*~*~ (stealth).
  2524 | D:2      | XOM: summons 2 hostile shadow creatures
  2560 | D:2      | Found Culovvol's Distillery.
  2562 | D:2      | 2562 ||| Stepping ~*~*~tactically~*~*~ (stealth).
  2566 | D:2      | 2566 ||| FLEEEEING.
  2567 | D:2      | 2567 ||| FLEEEEING.
  2568 | D:2      | 2568 ||| FLEEEEING.
  2569 | D:2      | 2569 ||| FLEEEEING.
  2570 | D:2      | 2570 ||| FLEEEEING.
  2571 | D:2      | 2571 ||| FLEEEEING.
  2574 | D:2      | 2574 ||| FLEEEEING.
  2575 | D:2      | 2575 ||| FLEEEEING.
  2576 | D:2      | 2576 ||| FLEEEEING.
  2577 | D:2      | 2577 ||| STAIRDANCE
  2634 | D:1      | 2634 ||| READING 2 scrolls of identify.
  2634 | D:1      | 2634 ||| IDENTIFYING green potion
  2666 | D:2      | 2666 ||| BUYING 2 potions of curing (60 gold).
  2666 | D:2      | Bought 2 potions of curing for 60 gold pieces
  2666 | D:2      | 2666 ||| SHOPLISTING potion of cancellation (80 gold, have
                  | 46).
  2666 | D:2      | 2666 ||| BUYING potion of curing (30 gold).
  2666 | D:2      | Bought a potion of curing for 30 gold pieces
  2666 | D:2      | 2666 ||| SHOPLISTING potion of mutation (80 gold, have 16).
  2853 | D:2      | 2853 ||| Stepping ~*~*~tactically~*~*~ (stealth).
  2856 | D:2      | XOM: chaos cloud
  2857 | D:2      | 2857 ||| Stepping ~*~*~tactically~*~*~ (cloud).
  2860 | D:2      | 2860 ||| Stepping ~*~*~tactically~*~*~ (cloud).
  3033 | D:2      | 3033 ||| READING scroll labelled ECAIBO VOYHIQ.
  3034 | D:2      | 3034 ||| READING scroll labelled SOEFER KIHINN.
  3106 | D:3      | 3106 ||| Stepping ~*~*~tactically~*~*~ (stealth).
  3107 | D:3      | 3107 ||| Stepping ~*~*~tactically~*~*~ (stealth).
  3145 | D:3      | XOM: 1-stop teleportation journey
  3305 | D:3      | 3305 ||| Stepping ~*~*~tactically~*~*~ (hiding).
  3308 | D:3      | 3308 ||| Stepping ~*~*~tactically~*~*~ (hiding).
  3316 | D:3      | Noticed Robin
  3322 | D:3      | Reached skill level 6 in Axes
  3325 | D:3      | Noticed a shapeshifter
  3325 | D:3      | a hobgoblin changed into a shapeshifter
  3325 | D:3      | Noticed a tarantella
  3325 | D:3      | a shapeshifter changed into a tarantella
  3327 | D:3      | Killed Robin
  3327 | D:3      | Killed a tarantella
  3328 | D:3      | Reached skill level 6 in Fighting
  3328 | D:3      | Reached XP level 5. HP: 37/47 MP: 5/5
  3328 | D:3      | Reached XP level 6. HP: 42/53 MP: 6/6
  3437 | D:3      | 3437 ||| DROPPING +0 club.
  3534 | D:3      | 3534 ||| Stepping ~*~*~tactically~*~*~ (stealth).
  3609 | D:3      | XOM: draining
  3705 | D:3      | XOM: give mutation
  3705 | D:3      | Lost mutation: You are clumsy. (Dex -2) [Xom's mischief]
  3757 | D:3      | XOM: 1-stop teleportation journey
  3817 | D:3      | XOM: stat loss: -3 Str (10/13)
  3952 | D:3      | XOM: summons 5 hostile demons
  3953 | D:3      | Noticed a red devil
  3953 | D:3      | Noticed a sixfirhy
  3955 | D:3      | HP: 6/46 [sixfirhy[Xom] (11)]
  3955 | D:3      | Slain by a sixfirhy

Levels and vault maps discovered:
D:1:      kennysheep_arrival_forest, layout_loops_corners
D:2:      minmay_chambers_of_twos, layout_basic, serial_shops,
          nicolae_diamond_shop, fountainhead
D:3:      layout_basic, grunt_ministairs_8, serial_bayou_lake_a, uniq_robin,
          uniq_terence

Skill      XL: |  1  2  3  4 |
---------------+-------------+-----
Axes           | 4 5 6 |  6.2
Fighting       | 6 |  6.4
Armour         | |  2.4
Dodging        | |  1.1

Action                   |  1- 3 |  4- 6 || total
-------------------------+-------+-------++-------
Melee: Hand axe          |   134 |   133 ||   267
       Punch             |     1 |       ||     1
Invok: Renounce Religion |     1 |       ||     1
  Use: Scroll            |     4 |     3 ||     7
Armor: Leather armour    |    35 |       ||    35
       Ring mail         |    12 |    54 ||    66
Dodge: Dodged            |    54 |    71 ||   125

Table legend:
 A = Non-vault XP
 B = Vault XP
 C = Vault XP percentage of total XP
 D = Non-vault monster count
 E = Vault monster count
 F = Vault count percentage of total count
                 A         B        C        D         E       F
            +---------+---------+-------+---------+---------+-------
      Total |     171 |     325 |  65.5 |      67 |      20 |  23.0
            +---------+---------+-------+---------+---------+-------
        D:1 |      48 |       0 |   0.0 |      31 |       0 |   0.0
        D:2 |      65 |      14 |  17.7 |      18 |       8 |  30.8
        D:3 |      58 |     311 |  84.3 |      18 |      12 |  40.0
            +---------+---------+-------+---------+---------+-------
